 Dungeon Crawl Stone Soup version 0.20.0-15-g7f486f2 (webtiles) character file.

1449 NoAnimeNoLife the Covert (level 8, -1/39 HPs)
             Began as a Spriggan Enchanter on June 13, 2017.
             Was a Follower of Dithmenos.
             Killed from afar by an electric eel (11 damage)
             ... with a bolt of electricity
             ... on level 6 of the Dungeon.
             The game lasted 00:18:04 (7124 turns).

NoAnimeNoLife the Covert (Spriggan Enchanter)       Turns: 7124, Time: 00:18:04

Health: -1/39      AC:  2    Str:  4    XL:     8   Next: 46%
Magic:  2/16       EV: 21    Int: 17    God:    Dithmenos [*.....]
Gold:   260        SH:  2    Dex: 21    Spells: 8/17 levels left

rFire    + . .     SeeInvis +   a - +1 dagger
rCold    . . .     Gourm    .   (shield restricted)
rNeg     . . .     Faith    .   n - +0 robe {rF+}
rPois    .         Spirit   .   (helmet restricted)
rElec    .         Reflect  +   (no cloak)
rCorr    .         Harm     .   (gloves unavailable)
MR       +....                  (boots unavailable)
Stlth    +++.......             p - +2 amulet of reflection
Regen    0.2/turn               E - +3 ring of dexterity (curse)
MPRegen  0.2/turn               (no ring)

@: wreathed by umbra, slow
A: unfitting armour, see invisible, herbivore 3, speed 3, slow metabolism 2
a: Renounce Religion


You were on level 6 of the Dungeon.
You worshipped Dithmenos.
Dithmenos was aware of your devotion.
You were not hungry.

You visited 1 branch of the dungeon, and saw 6 of its levels.

You collected 260 gold pieces.

Inventory:

Hand Weapons
 a - a +1 dagger (weapon)
 q - a +0 short sword of holy wrath
Armour
 b - a +0 robe
 n - a +0 robe of fire resistance (worn)
Jewellery
 p - a +2 amulet of reflection (around neck)
 s - a -3 ring of intelligence
 E - a cursed +3 ring of dexterity (left hand)
Wands
 r - a wand of random effects (14/48)
 v - a wand of polymorph (24/24)
 y - a wand of digging (7/24)
 A - a wand of paralysis (9/24)
Scrolls
 i - 3 scrolls of identify {unknown}
 u - 2 scrolls of teleportation {unknown}
 x - a scroll of blinking {unknown}
 z - 4 scrolls of amnesia {unknown}
 B - 2 scrolls of immolation {unknown}
 C - a scroll of remove curse
 F - a scroll of enchant armour {unknown}
 G - a scroll of summoning {unknown}
Potions
 e - 2 potions of haste
 g - a potion of resistance {unknown}
 h - a potion of agility {unknown}
 j - 2 potions of might
 k - 3 potions of curing
 m - a potion of cancellation {unknown}
 o - a potion of heal wounds {unknown}
 w - a potion of berserk rage {unknown}
 D - 2 potions of degeneration {unknown}
 H - a potion of flight {unknown}
Books
 c - a book of Maledictions

   Spells                             Type                      Level
   a - Corona                         Hexes                        1
   b - Ensorcelled Hibernation        Hexes/Ice                    2
   c - Confuse                        Hexes                        3
   d - Tukima's Dance                 Hexes                        3
   e - Dazzling Spray                 Conjuration/Hexes            3
 t - a book of Misfortune

   Spells                             Type                      Level
   a - Confusing Touch                Hexes                        1
   b - Confuse                        Hexes                        3
   c - Gell's Gravitas                Translocation                3
   d - Petrify                        Transmutation/Earth          4
   e - Metabolic Englaciation         Hexes/Ice                    5
   f - Yara's Violent Unravelling     Hexes/Transmutation          5
Comestibles
 d - 3 bread rations
 f - 3 royal jellies
 l - 4 fruits


   Skills:
 + Level 2.1 Fighting
 - Level 5.0 Short Blades
 + Level 4.9 Dodging
 - Level 8.8 Stealth
 - Level 5.1 Spellcasting
 - Level 8.0 Hexes


You had 8 spell levels left.
You knew the following spells:

 Your Spells              Type           Power        Failure   Level  Hunger
a - Corona                Hex            ####...      1%          1    None
b - Ensorcelled Hibernat  Hex/Ice        ###...       4%          2    #......
c - Confuse               Hex            ####....     1%          3    ###....
d - Tukima's Dance        Hex            ####....     1%          3    ###....


Dungeon Overview and Level Annotations

Branches:
Dungeon (6/15)             Temple (0/1) D:4

Altars:
Dithmenos
Elyvilon
Okawaru
Ru
Vehumet
Yredelemnul

Shops:
D:4 [

Annotations:
D:3 Grinder


Innate Abilities, Weirdness & Mutations

You are very small and have problems with some larger weapons.
You are too small for most types of armour.
You have supernaturally acute eyesight. (SInv)
You are a herbivore.
You cover ground extremely quickly.
You need consume almost no food.


Message History

You hit the electric eel.
The electric eel is heavily wounded.
You hit the electric eel.
The electric eel is severely wounded.
You hit the electric eel but do no damage.
The electric eel is severely wounded.
You hit the electric eel.
The electric eel is almost dead.
The electric eel shoots out a bolt of lightning at you!
The bolt of electricity hits you!
* * * LOW HITPOINT WARNING * * *
The bolt of electricity hits the plant.
You hit the electric eel but do no damage.
The electric eel is almost dead.
Your unstable footing causes you to fumble your attack.
Your unstable footing causes you to fumble your attack.
The electric eel stops glowing.
The electric eel shoots out a bolt of lightning at you!
The bolt of electricity hits you!
You die...

#....# ##. ##########....# #.
♣ ♣≈♣...........#######. ≈≈
♣≈♣♣≈≈.).............
≈P≈♣≈P♣♣♣♣♣.....#######.
≈≈≈≈≈≈≈≈P♣PP....# #.
≈≈≈≈≈≈≈≈P≈≈≈♣P..# #.
≈≈≈≈≈≈≈≈≈≈♣≈≈♣♣$# #.
≈≈≈≈≈≈;@≈P♣†P≈≈≈... ._
≈≈≈≈≈≈≈≈≈≈≈≈P≈♣♣.... .#.
≈≈≈≈≈≈≈≈≈≈≈≈≈≈≈≈≈≈≈≈♣♣....###.
≈P≈≈≈≈≈≈≈≈≈≈≈PP♣≈≈♣♣#.### #
≈≈≈≈≈≈≈≈≈≈≈P≈≈≈≈≈≈##.# #
≈≈≈≈≈≈≈≈≈P≈P≈≈≈♣###.## #
P≈≈≈≈≈≈♣♣≈♣P≈##.....# #
♣♣♣♣≈≈♣♣P♣♣≈≈≈♣≈###.....######
##.#≈♣♣≈♣♣♣P≈..# #.....†.....


You could see an electric eel.

Vanquished Creatures
  The ghost of manyhoops the Slasher, a novice DrGl (D:4)
  Sigmund (D:3)
  A phantom (D:4)
  A centaur (D:5)
  A bullfrog (D:6)
  The ghost of NoAnimeNoLife the Sneak, an amateur SpEn of Gozag (D:3)
  A water moccasin skeleton (D:6)
  An electric eel (D:6)
  A howler monkey (D:6)
  A jelly (D:5)
  2 hounds
  Crazy Yiuf (D:2)
  A bullfrog skeleton (D:6)
  2 orc wizards
  2 iguanas (D:4)
  Ijyb (D:5)
  3 worker ants
  A worker ant zombie (D:5)
  3 gnolls (D:5)
  2 howler monkey skeletons
  7 adders
  A shadow imp (D:6)
  An ooze (D:1)
  4 worms
  A dart slug (D:1)
  2 leopard geckos (D:5)
  6 orcs
  A ball python (D:1)
  7 bats
  4 giant cockroaches
  7 goblins (D:1)
  7 hobgoblins
  2 jackals (D:3)
  5 quokkas
  2 frilled lizards
  8 kobolds
  A quokka zombie (D:5)
  4 rats
98 creatures vanquished.

Notes
Turn   | Place    | Note
-------+----------+-------------------------------------------
     0 | D:1      | NoAnimeNoLife the Spriggan Enchanter began the quest for the Orb.
     0 | D:1      | Reached XP level 1. HP: 9/9 MP: 5/5
   505 | D:1      | Reached XP level 2. HP: 13/13 MP: 6/6
   687 | D:1      | Reached skill level 5 in Stealth
  1254 | D:1      | Learned a level 2 spell: Ensorcelled Hibernation
  1525 | D:1      | Reached XP level 3. HP: 8/16 MP: 8/8
  2189 | D:2      | Found a runed door.
  2803 | D:2      | Found a sacrificial altar of Ru.
  2876 | D:2      | Reached XP level 4. HP: 8/21 MP: 4/9
  3229 | D:2      | Noticed Crazy Yiuf
  3233 | D:2      | Killed Crazy Yiuf
  3233 | D:2      | Reached XP level 5. HP: 24/24 MP: 10/10
  3315 | D:3      | Noticed Sigmund
  3320 | D:3      | Killed Sigmund
  3320 | D:3      | Reached XP level 6. HP: 28/28 MP: 11/11
  3327 | D:3      | Learned a level 3 spell: Confuse
  3355 | D:3      | Found an iron altar of Okawaru.
  3455 | D:3      | Noticed NoAnimeNoLife's ghost (amateur SpEn)
  3459 | D:3      | Killed NoAnimeNoLife's ghost
  3459 | D:3      | Reached skill level 5 in Short Blades
  3732 | D:3      | Noticed Grinder
  4090 | D:4      | Found a shadowy altar of Dithmenos.
  4116 | D:4      | Became a worshipper of Dithmenos the Shadowed
  4144 | D:4      | Found a staircase to the Ecumenical Temple.
  4147 | D:4      | Found a basalt altar of Yredelemnul.
  4241 | D:4      | Noticed manyhoops's ghost (novice DrGl)
  4450 | D:4      | Learned a level 3 spell: Tukima's Dance
  4527 | D:4      | Reached XP level 7. HP: 32/32 MP: 10/13
  5049 | D:4      | Found Filahet's Antique Armour Shop.
  5140 | D:4      | Killed manyhoops's ghost
  5185 | D:4      | Reached skill level 5 in Spellcasting
  5373 | D:5      | Entered Level 5 of the Dungeon
  5458 | D:5      | Reached XP level 8. HP: 36/36 MP: 14/16
  5503 | D:5      | Noticed Ijyb
  5507 | D:5      | Killed Ijyb
  6221 | D:5      | Reached * piety under Dithmenos
  6659 | D:6      | Reached skill level 1 in Fighting
  6670 | D:6      | Found a radiant altar of Vehumet.
  6722 | D:6      | Found a white marble altar of Elyvilon.
  7124 | D:6      | Killed from afar by an electric eel

Skill      XL: |  1  2  3  4  5  6  7  8 |
---------------+-------------------------+-----
Short Blades   | 2 3 4 5 |  5.0
Stealth        | 5 6 7 8 |  8.8
Spellcasting   | 3 5 |  5.1
Hexes          | 4 7 8 |  8.0
Fighting       | 2 |  2.1
Dodging        | 4 |  4.9

Action                   |  1- 3 |  4- 6 |  7- 9 || total
-------------------------+-------+-------+-------++-------
Melee: Dagger            |   212 |    75 |   151 ||   438
 Cast: Ensorcelled Hiber |     8 |    12 |    26 ||    46
       Confuse           |       |     1 |    11 ||    12
       Tukima's Dance    |       |       |     9 ||     9
       Corona            |       |       |     1 ||     1
  Use: Potion            |     2 |       |       ||     2
       Scroll            |       |     2 |       ||     2
 Stab: Sleeping          |    17 |    19 |    19 ||    55
       Distracted        |       |     1 |     2 ||     3
       Confused          |       |       |     8 ||     8
  Eat: Bread ration      |       |     2 |       ||     2
Armor: Robe              |    25 |       |     3 ||    28
Dodge: Dodged            |   216 |    41 |    71 ||   328
Block: Other             |       |       |     4 ||     4
